 Dungeon Crawl Stone Soup version 0.32-a0-814-g0968bab981 (webtiles) character file.

Game seed: 12580075858377139390

1440 gimp the Conjurer (level 8, -3/57 HPs)
             Began as a Barachi Earth Elementalist on Mar 22, 2024.
             Was an Initiate of Vehumet.
             Shot with a bolt by an orc warrior (10 damage)
             ... on level 6 of the Dungeon.
             The game lasted 00:10:47 (5944 turns).

gimp the Conjurer (Barachi Earth Elementalist)      Turns: 5944, Time: 00:10:48

Health: -3/57      AC:  6    Str: 10    XL:     8   Next: 74%
Magic:  6/16       EV: 11    Int: 24    God:    Vehumet [......]
Gold:   376        SH:  5    Dex: 12    Spells: 10/18 levels left

rFire   . . .        a - +1 dagger
rCold   . . .        (no shield)
rNeg    . . .        e - +0 robe
rPois   +            (no helmet)
rElec   .            (no cloak)
rCorr   .            (no gloves)
SInv    .            x - +0 pair of boots
Will    .....        s - amulet of reflection
Stlth   ++           k - +6 ring of intelligence
HPRegen 0.29/turn    w - +4 ring of protection
MPRegen 0.15/turn

%: reflection
@: slow
A: amphibious, slowness 1, strong legs 1, +LOS, deformed body, poison
resistance, robust 1
a: Hop, Renounce Religion


You were on level 6 of the Dungeon.
You worshipped Vehumet.
Vehumet was noncommittal.
You visited 2 branches of the dungeon, and saw 7 of its levels.

You collected 376 gold pieces.

Inventory:

Hand Weapons
 a - a +1 dagger (weapon)
Armour
 e - a +0 robe (worn)
 x - a +0 pair of boots (worn)
Jewellery
 k - a +6 ring of intelligence (left hand)
 n - an amulet of the acrobat
 s - an amulet of reflection (around neck)
 t - a ring of protection from cold
 v - a ring of wizardry
 w - a +4 ring of protection (right hand)
Wands
 p - a wand of paralysis (1)
 y - a wand of warping (7)
Scrolls
 b - 2 scrolls of enchant weapon
 c - 2 scrolls of teleportation {unknown}
 d - 2 scrolls of immolation {unknown}
 h - a scroll of fear {unknown}
 j - 4 scrolls of identify
 l - a scroll of silence {unknown}
 m - a scroll of summoning
 o - a scroll of blinking {unknown}
 r - a scroll of enchant armour {unknown}
Potions
 g - 2 potions of mutation
 i - a potion of curing {unknown}
 q - a potion of degeneration {unknown}
 u - a potion of might {unknown}
 z - a potion of haste {unknown}


   Skills:
 - Level 2.1 Dodging
 - Level 1.7 Stealth
 + Level 5.9 Spellcasting
 + Level 7.8 Conjurations
 + Level 3.8 Fire Magic
 - Level 5.0 Earth Magic


You had 10 spell levels left.
You knew the following spells:

 Your Spells              Type           Power      Damage    Failure   Level
a - Stone Arrow           Conj/Erth      74%        3d11      1%          3
b - Sandblast             Erth           62%        2d14      1%          1
c - Flame Wave            Conj/Fire      34%        2d10      8%          4

Your spell library contained the following spells:

 Spells                   Type           Power      Damage    Failure   Level
 Scorch                   Fire           50%        2d7       2%          2
 Passwall                 Erth           31%        N/A       3%          3
 Brom's Barrelling Bould  Conj/Erth      37%        2d6       6%          4
 Iskenderun's Battlesphe  Conj           44%        2d10      9%          5
 Volatile Blastmotes      Fire/Tloc      32%        2d12      11%         3
 Lesser Beckoning         Tloc           14%        N/A       12%         2
 Gell's Gravitas          Tloc           7%         N/A       24%         3
 Teleport Other           Tloc           7%         N/A       24%         3
 Tukima's Dance           Hex            7%         N/A       24%         3
 Petrify                  Alch/Erth      19%        N/A       28%         4
 Passage of Golubria      Tloc           7%         N/A       63%         4
 Bombard                  Conj/Erth      18%        9d4       65%         6
 Yara's Violent Unravell  Hex/Alch       3%         3d4       92%         5
 Summon Cactus Giant      Summ           3%         N/A       100%        6
 Spellforged Servitor     Conj/Summ      12%        N/A       100%        7


Dungeon Overview and Level Annotations

Branches:
Dungeon (6/15)             Temple (1/1) D:6

Altars:
Ashenzari
Fedhas
Hepliaklqana
Kikubaaqudgha
Okawaru
Qazlal
Sif Muna
Trog
Uskayaw
Vehumet
Xom
Yredelemnul
The Shining One

Annotations:
D:3 1 runed translucent door, exclusion: door, lobsterkj's ghost, weakling DENe


Innate Abilities, Weirdness & Mutations

You are amphibious.
You cover ground slowly.
You can hop short distances.
You have an extended range of vision and can be seen from far away.
Armour fits poorly on your strangely shaped body.
Your system is resistant to poisons. (rPois)
You are robust. (+10% HP)


Message History

You miss something.
Your white imp gestures at the kobold brigand.
The puff of frost hits the kobold brigand.
Your gnoll hits the kobold brigand with a +0 spear.
Something hits you but does no damage.
The kobold brigand hits you with a +0 club.
* * * LOW HITPOINT WARNING * * *
You take 1 damage, and have 16/57 hp.
You hit something.
Your gnoll barely misses the kobold brigand.
You block something's attack.
The kobold brigand hits you with a +0 club.
* * * LOW HITPOINT WARNING * * *
You take 4 damage, and have 12/57 hp.
You barely miss something.
Your white imp barely misses the kobold brigand.
Your gnoll hits the kobold brigand with a +0 spear.
Something hits you.
* * * LOW HITPOINT WARNING * * *
The kobold brigand hits you with a +0 club.
* * * LOW HITPOINT WARNING * * *
You take 7 damage, and have 5/57 hp.
Unknown command.
You feel much better.
Your white imp misses the kobold brigand.
Your gnoll closely misses the kobold brigand.
You block something's attack.
The kobold brigand hits you with a +0 club.
You regained 25 hp, and now have 30/57 hp.
Casting: Stone Arrow (safe; 1% risk of failure)
Confirm with . or Enter, or press ? or * to list all spells.
Aiming: Stone Arrow (safe; 1% risk of failure)
Press: ? - help, Shift-Dir - straight line, f - kobold brigand
Aim: a kobold brigand, wielding a +0 club and quivering poisoned darts (heavily wounded, ally target, 67% to hit)
The stone arrow hits the kobold brigand!
The kobold brigand is almost dead.
Your white imp gestures at the kobold brigand.
The puff of frost hits the kobold brigand.
The kobold brigand dies!
Vehumet accepts your kill.
You hear some strange, mumbled words.
A puff of flame appears from out of thin air!
The puff of flame misses you.
You now have 2/16 mp.
Casting: Stone Arrow (safe; 1% risk of failure)
Confirm with . or Enter, or press ? or * to list all spells.
You don't have enough magic to cast this spell.
Casting: Stone Arrow (safe; 1% risk of failure)
Confirm with . or Enter, or press ? or * to list all spells.
You don't have enough magic to cast this spell.
Your gnoll is no longer moving quickly.
Your white imp closely misses something.
Something hits you.
You take 4 damage, and have 26/57 hp.
Unknown command.
Casting: Stone Arrow (safe; 1% risk of failure)
Confirm with . or Enter, or press ? or * to list all spells.
You don't have enough magic to cast this spell.
Unknown command.
You closely miss something.
Your white imp hits something.
Your white imp freezes something.
You hear some strange, mumbled words.
A puff of flame appears from out of thin air!
The puff of flame hits you.
You hit something.
Your white imp misses something.
You hear some strange, mumbled words.
A magic dart appears from out of thin air!
The magic dart hits you.
You take 5 damage, and have 21/57 hp.
You barely miss something.
Your white imp misses something.
Something hits you but does no damage.
You miss something.
Your gnoll dissolves into shadows!
Your white imp misses something.
Something hits you but does no damage.
You barely miss something.
Your white imp closely misses something.
Something hits you but does no damage.
You barely miss something.
Your white imp completely misses something.
Something hits you.
You take 1 damage, and have 21/57 hp.
You hit something.
Your white imp hits something.
Your white imp freezes something.
Vehumet accepts your kill.
Reactivating autopickup.
You feel a bit more experienced.
Things that are here:
a +0 dagger; a +0 robe; an orc corpse Your white imp dissolves into shadows!
An orc warrior is nearby!
You regained 4 hp, and now have 26/57 hp.
You regained 3 mp, and now have 6/16 mp.
An orc warrior is nearby!
The orc warrior unwields a +0 battleaxe.
The orc warrior wields a +0 arbalest.
The orc warrior shoots a bolt.
The bolt hits you!!
* * * LOW HITPOINT WARNING * * *
You take 20 damage, and have 6/57 hp.
MASSIVE DAMAGE!!
The orc warrior shoots a bolt.
The bolt hits you!
You die...

##[.....## ###......## ##...
......### ##....## ##...# ....###
##...# ##..... ..###
##########...### ###
#.†....B...... .####
###.##.##.#..##.
....##############...).....#...K.
..............#...)..##.#....##..
................@.)..)..#.##....#
###########..........##......##..
###..#####....##.>....# ####
#..#.o....##.# #..#.#.##.....
#....#...[.#.# #.#....##..#..
#.#.##.......# #......#.##...


You could see an orc warrior.

Vanquished Creatures
  Eustachio (D:6)
  A sky beast (D:4)
  Blork the orc (D:6)
  4 scorpions
  4 hounds (D:6)
  2 jellies (D:6)
  A sleepcap (D:6)
  An iguana (D:6)
  3 orc wizards (D:5)
  5 gnolls
  11 adders
  2 ufetubi (D:6)
  4 dart slugs
  A ribbon worm (D:4)
  4 orcs
  5 endoplasms
  5 giant cockroaches
  9 hobgoblins
  10 jackals
  8 kobolds
  6 quokkas
  6 ball pythons
  3 bats
  2 frilled lizards (D:1)
  4 goblins
  4 rats
107 creatures vanquished.

Vanquished Creatures (collateral kills)
  An ogre (D:6)
  A kobold brigand (D:6)
  A gnoll sergeant (D:6)
  A bullfrog (D:6)
  A bombardier beetle (D:6)
  A hound (D:6)
  An orc wizard (D:6)
  A shadow imp (D:6)
8 creatures vanquished.

Grand Total: 115 creatures vanquished

Notes
Turn   | Place    | Note
-------+----------+-------------------------------------------
     0 | D:1      | gimp the Barachi Earth Elementalist began the quest for the
                  | Orb.
     0 | D:1      | Reached XP level 1. HP: 13/13 MP: 3/3
   169 | D:1      | Reached XP level 2. HP: 11/19 MP: 0/5
   178 | D:1      | Reached skill level 2 in Conjurations
   430 | D:1      | Reached XP level 3. HP: 24/24 MP: 2/6
   618 | D:1      | Found a faded altar of an unknown god.
  1158 | D:2      | Learned a level 3 spell: Stone Arrow
  1263 | D:2      | Reached XP level 4. HP: 30/30 MP: 4/8
  1334 | D:2      | Reached skill level 3 in Conjurations
  2086 | D:3      | Found a runed translucent door.
  2106 | D:3      | Noticed lobsterkj's ghost (weakling DENe)
  2410 | D:3      | Found a bloodstained altar of Trog.
  2753 | D:4      | Reached XP level 5. HP: 29/35 MP: 6/9
  2901 | D:4      | Reached skill level 4 in Conjurations
  3021 | D:4      | Noticed a sky beast
  3037 | D:4      | Killed a sky beast
  3038 | D:4      | Reached XP level 6. HP: 23/41 MP: 1/11
  3049 | D:4      | HP: 2/41 [scorpion (4)]
  3050 | D:4      | Gained mutation: Your system is resistant to poisons.
                  | (rPois) [potion of mutation]
  3050 | D:4      | Gained mutation: Armour fits poorly on your strangely
                  | shaped body. [potion of mutation]
  3050 | D:4      | Gained mutation: You are robust. (+10% HP) [potion of
                  | mutation]
  3145 | D:4      | Reached skill level 5 in Conjurations
  3461 | D:4      | Found a stormy altar of Qazlal.
  4048 | D:5      | Entered Level 5 of the Dungeon
  4149 | D:5      | Reached XP level 7. HP: 43/50 MP: 3/13
  4346 | D:5      | Learned a level 4 spell: Flame Wave
  5046 | D:6      | Noticed Eustachio
  5049 | D:6      | Killed Eustachio
  5050 | D:6      | Reached skill level 6 in Conjurations
  5050 | D:6      | Reached skill level 5 in Earth Magic
  5119 | D:6      | Found a broken altar of Ashenzari.
  5302 | D:6      | Found a glowing golden altar of the Shining One.
  5338 | D:6      | Reached skill level 1 in Fire Magic
  5435 | D:6      | Found a staircase to the Ecumenical Temple.
  5436 | D:6      | Noticed Blork the orc
  5442 | D:6      | Killed Blork the orc
  5443 | D:6      | Reached XP level 8. HP: 49/57 MP: 5/15
  5450 | Temple   | Entered the Ecumenical Temple
  5509 | Temple   | Became a worshipper of Vehumet
  5693 | D:6      | Reached skill level 7 in Conjurations
  5865 | D:6      | Reached skill level 5 in Spellcasting
  5944 | D:6      | Shot with a bolt by an orc warrior

Illustrated notes

Levels and vault maps discovered:
D:1:      lightli_molten_gateway, layout_rooms, basic_ecumenical_altar,
          fountainhead, minmay_box_of_dots
D:2:      layout_loops_corners
D:3:      layout_loops_ring, overflow_temple_1_default, ebering_ghost_sewer_d,
          kennysheep_another_room, roderic_roman_lattice, corexii_shack
D:4:      layout_basic, nicolae_qazlal_beasts_of_the_sky, minmay_three_crescents
D:5:      layout_basic, glass_columns_a
D:6:      layout_layer_cave, ashenzari_altar_1, mainiacjoe_overflow_boulevard,
          minmay_temple_entry_ruins, minmay_joined_circles, uniq_blork_the_orc,
          uniq_eustachio
Temple:   hellmonk_temple_rainy

Skill      XL: |  1  2  3  4  5  6  7  8 |
---------------+-------------------------+-----
Conjurations   | 2 3 4 5 6 7 |  7.8
Spellcasting   | 3 4 5 |  5.9
Earth Magic    | 4 5 |  5.0
Fire Magic     | 1 3 |  3.8
Dodging        | |  2.1
Stealth        | |  1.7

Action                     |  1- 3 |  4- 6 |  7- 9 || total
---------------------------+-------+-------+-------++-------
  Melee: Unarmed           |    26 |       |       ||    26
         Dagger            |     6 |     3 |    80 ||    89
   Cast: Sandblast         |    60 |    75 |     2 ||   137
         Stone Arrow       |       |     3 |    34 ||    37
         Flame Wave        |       |       |     1 ||     1
Ability: Hop               |       |     1 |     1 ||     2
  Evoke: Wand              |       |       |     3 ||     3
    Use: Potion            |     1 |     2 |     1 ||     4
         Scroll            |       |       |     3 ||     3
 Armour: Robe              |    43 |    36 |    88 ||   167
  Dodge: Dodged            |    46 |    43 |    43 ||   132
  Block: Other             |       |     1 |    32 ||    33
         Reflection        |       |       |     1 ||     1

Table legend: (Time is in decaauts)
 A = Elapsed time spent in this place.
 B = Non-inter-level travel time spent in this place.
 C = Inter-level travel time spent in this place.
 D = Time resting spent in this place.
 E = Time spent auto-exploring this place.
 F = Levels seen in this place.
 G = Mean time per level.
                   A        B        C        D        E       F      G
               +--------+--------+--------+--------+--------+-----+--------+
         Total |   6719 |   6476 |    243 |     49 |   5446 |   7 |  959.9 |
       Dungeon |   6646 |   6414 |    232 |      0 |   5446 |   6 | 1107.7 |
        Temple |     73 |     63 |     10 |     49 |      0 |   1 |   73.0 |
               +--------+--------+--------+--------+--------+-----+--------+

Top non-repeatable levels by time:
     D:4: 1465 daAuts
     D:2: 1255 daAuts
     D:5: 1091 daAuts
     D:3: 984 daAuts
     D:6: 926 daAuts
     D:1: 923 daAuts
  Temple: 73 daAuts
